Winnipeg Jets vs New York Rangers
Created - Wednesday, April 10, 2024 at 08:43
Goals
|
| Winnipeg Jets |
2 |
0 |
1 |
3 |
| New York Rangers |
0 |
1 |
0 |
1 |
|
Shots
|
| Winnipeg Jets |
7 |
8 |
17 |
32 |
| New York Rangers |
10 |
5 |
13 |
28 |
|
1st period
1. Winnipeg Jets , Nick Suzuki 26 (Andrew Cogliano 17) at 10:24
2. Winnipeg Jets , Lucas Raymond 13 (Connor McDavid 37) at 10:32
Penalties :
Mathew Barzal (NYR) for Hooking (Minor) at 4:21
2nd period
3. New York Rangers , Gabriel Landeskog 16 (Mathew Barzal 24, Cole Caufield 19) at 17:25 (PP)
Penalties :
Calen Addison (WPG) for Hooking (Minor) at 0:32, Dante Fabbro (WPG) for Roughing (Minor) at 11:33, Calen Addison (WPG) for Slashing (Minor) at 17:19
3rd period
4. Winnipeg Jets , Matthew Beniers 10 (Dylan Samberg 5, Joel Armia 4) at 6:09
Penalties :
Nick Suzuki (WPG) for Tripping (Minor) at 3:39, Nathan Beaulieu (WPG) for Holding (Minor) at 8:24, Jake McCabe (NYR) for Roughing (Double Minor) at 15:37
Goalie Stats
Pavel Francouz (WPG), 27 saves from 28 shots - (0.964), W, 2-2-0, 60:00 minutes
Tristan Jarry (NYR), 29 saves from 32 shots - (0.906), L, 4-2-4, 60:00 minutes
Players Stats for Winnipeg Jets
Player Name G A P +/- PIM S H SB GA TA FO MP PP MP PK MP
------------------------------------------------------------------------------------
Alex DeBrincat 0 0 0 1 0 3 2 0 0 1 4/6 19:43 2:36 3:52
Andrew Cogliano 0 1 1 1 0 0 3 0 0 0 1/1 15:21 2:31 0:00
Barclay Goodrow 0 0 0 1 0 0 1 0 0 0 0/0 12:47 0:41 0:00
Calen Addison 0 0 0 1 4 1 0 0 0 0 0/0 16:29 3:02 0:00
Connor McDavid 0 1 1 1 0 5 4 0 0 1 12/20 19:34 2:41 3:57
Dante Fabbro 0 0 0 1 2 0 4 0 0 0 0/0 24:13 2:56 3:13
Dylan Samberg 0 1 1 1 0 3 2 0 1 0 0/0 20:13 3:02 3:36
Joel Armia 0 1 1 1 0 2 1 0 0 2 0/0 12:54 0:00 0:48
Jordan Harris 0 0 0 1 0 1 0 0 0 1 0/0 18:38 0:00 4:51
Kaapo Kakko 0 0 0 1 0 2 0 0 1 0 0/1 15:26 2:36 0:00
Klim Kostin 0 0 0 0 0 1 3 0 1 0 0/0 7:59 0:13 0:00
Lucas Raymond 1 0 1 1 0 4 1 0 0 0 0/0 19:39 2:36 4:07
Matthew Beniers 1 0 1 1 0 1 2 1 0 0 4/5 12:58 0:52 0:00
Nathan Beaulieu 0 0 0 1 2 1 3 1 0 0 0/0 24:56 2:56 3:14
Nick Suzuki 1 0 1 1 2 5 5 0 2 0 5/14 18:50 2:44 2:55
Pius Suter 0 0 0 0 0 1 0 0 0 0 0/0 8:54 0:24 0:25
Sam Steel 0 0 0 0 0 2 2 0 0 0 0/1 7:46 0:00 0:00
Ty Smith 0 0 0 1 0 0 0 0 0 0 0/0 15:33 0:00 1:10
Players Stats for New York Rangers
Player Name G A P +/- PIM S H SB GA TA FO MP PP MP PK MP
------------------------------------------------------------------------------------
Adam Larsson 0 0 0 -1 0 0 2 4 0 0 0/0 24:14 4:54 2:47
Artemi Panarin 0 0 0 0 0 0 0 1 2 0 0/0 19:19 3:59 0:00
Cam Fowler 0 0 0 -1 0 1 0 1 0 0 0/0 15:31 0:00 0:43
Cole Caufield 0 1 1 0 0 3 1 0 1 0 0/0 17:18 4:03 0:43
Conor Garland 0 0 0 -1 0 3 1 1 0 0 0/0 9:25 0:00 0:00
David Kampf 0 0 0 -2 0 0 0 1 0 0 3/5 11:11 0:00 2:38
Dmitry Kulikov 0 0 0 -1 0 1 0 2 0 1 0/0 17:16 0:00 2:28
Eric Robinson 0 0 0 -2 0 3 2 1 0 0 0/0 10:54 0:00 2:23
Filip Chytil 0 0 0 0 0 1 0 0 0 0 2/8 15:47 3:08 0:00
Gabriel Landeskog 1 0 1 -1 0 4 1 0 0 0 0/0 13:50 4:03 0:00
Jake McCabe 0 0 0 -1 4 0 1 1 0 0 0/0 14:19 0:00 0:00
Mark Giordano 0 0 0 -1 0 2 0 2 0 0 0/0 21:40 3:08 2:47
Mathew Barzal 0 1 1 0 2 1 3 1 1 1 1/1 18:33 4:54 0:39
Matthew Benning 0 0 0 -1 0 0 0 1 0 1 0/0 16:48 0:00 2:28
Mikael Granlund 0 0 0 -1 0 2 0 1 0 1 4/8 16:31 4:03 2:41
Nathan MacKinnon 0 0 0 0 0 4 0 0 0 0 1/2 19:29 3:59 0:00
Pierre-Luc Dubois 0 0 0 0 0 1 3 1 1 1 11/24 20:16 3:59 0:57
Tyler Motte 0 0 0 -2 0 2 0 0 0 0 0/0 11:39 0:00 2:38
3 Stars
1 - Pavel Francouz (WPG)
2 - Matthew Beniers (WPG)
3 - Nick Suzuki (WPG)
Power Play
Winnipeg Jets - 0 on 3 Attempt(s) - 0.00%
New York Rangers - 1 on 5 Attempt(s) - 20.00%
Penalty Kill
Winnipeg Jets - 4 on 5 Attempt(s) - 80.00%
- Score 0 goal in Penalty Kill
New York Rangers - 3 on 3 Attempt(s) - 100.00%
- Score 0 goal in Penalty Kill
Team Stat
Winnipeg Jets - Hits : 33 - Faceoff Wins : 26 - Blocked Shots : 2 - Penalty Minutes : 10
New York Rangers - Hits : 14 - Faceoff Wins : 22 - Blocked Shots : 18 - Penalty Minutes : 6
Official
Referees : Brian Pochmara and Evgeny Romasko
Linesman : Trent Knorr and Steve Barton
Game Notes
No Game Note
Finance
Level 1 -- Attendance: 4427 (73.78%) -- Ticket Income $451,554
Level 2 -- Attendance: 3857 (77.14%) -- Ticket Income $242,991
Level 3 -- Attendance: 1980 (66.00%) -- Ticket Income $81,180
Level 4 -- Attendance: 3342 (66.84%) -- Ticket Income $93,576
Luxury Box -- Attendance: 836 (83.60%) -- Ticket Income $163,020
Game was played at the Madison Square Garden.
Total Attendance: 14442 (72.21%)
Total Ticket Income: $1,032,321
Other Income: $361,312
Total Income: $1,393,633
Winnipeg Jets
5 vs 5 Forward
Center Left Wing Right Wing Time % Phy DF OF
1 Connor McDavid Alex DeBrincat Lucas Raymond 30 1 2 2
2 Nick Suzuki Andrew Cogliano Kaapo Kakko 30 1 2 2
3 Matthew Beniers Barclay Goodrow Joel Armia 25 1 2 2
4 Sam Steel Pius Suter Klim Kostin 15 1 2 2
5 vs 5 Defense
Defense Defense Time % Phy DF OF
1 Dante Fabbro Nathan Beaulieu 30 1 2 2
2 Dylan Samberg Calen Addison 30 1 2 2
3 Jordan Harris Ty Smith 25 1 2 2
4 Dante Fabbro Nathan Beaulieu 15 1 2 2
PowerPlay Forward
Center Left Wing Right Wing Time % Phy DF OF
1 Connor McDavid Alex DeBrincat Lucas Raymond 50 1 2 2
2 Nick Suzuki Andrew Cogliano Kaapo Kakko 50 1 2 2
PowerPlay Defense
Defense Defense Time % Phy DF OF
1 Dante Fabbro Nathan Beaulieu 50 1 2 2
2 Dylan Samberg Calen Addison 50 1 2 2
Penalty Kill 4 Players Forward
Center Wing Time % Phy DF OF
1 Connor McDavid Nick Suzuki 50 1 2 2
2 Alex DeBrincat Lucas Raymond 50 1 2 2
Penalty Kill 4 Players Defense
Defense Defense Time % Phy DF OF
1 Dante Fabbro Nathan Beaulieu 50 1 2 2
2 Jordan Harris Dylan Samberg 50 1 2 2
Penalty Kill - 3 Players Forward
Forward Time % Phy DF OF
1 Connor McDavid 50 1 2 2
2 Nick Suzuki 50 1 2 2
Penalty Kill - 3 Players Defense
Defense Defense Time % Phy DF OF
1 Dante Fabbro Nathan Beaulieu 50 1 2 2
2 Jordan Harris Ty Smith 50 1 2 2
4 vs 4 Forward
Center Wing Time % Phy DF OF
1 Connor McDavid Nick Suzuki 50 1 2 2
2 Alex DeBrincat Lucas Raymond 50 1 2 2
4 vs 4 Defense
Defense Defense Time % Phy DF OF
1 Dante Fabbro Nathan Beaulieu 50 1 2 2
2 Dylan Samberg Jordan Harris 50 1 2 2
Last Minutes Offensive
Center Left Wing Right Wing Defense Defense
Connor McDavid Alex DeBrincat Lucas Raymond Dante Fabbro Nathan Beaulieu
Last Minutes Defensive
Center Left Wing Right Wing Defense Defense
Connor McDavid Alex DeBrincat Lucas Raymond Dante Fabbro Nathan Beaulieu
Goaltenders
Starting : Pavel Francouz
Backup : Ukko-Pekka Luukkonen
Extra Forwards
Normal : Matthew Beniers, Barclay Goodrow, Joel Armia - PP : Matthew Beniers, Barclay Goodrow - PK : Joel Armia
Extra Defensemen
Normal : Dylan Samberg, Jordan Harris, Nathan Beaulieu - PP : Dylan Samberg - PK : Jordan Harris, Nathan Beaulieu
Penalty Shots
Connor McDavid, Nick Suzuki, Alex DeBrincat, Lucas Raymond, Matthew Beniers
New York Rangers
5 vs 5 Forward
Center Left Wing Right Wing Time % Phy DF OF
1 Pierre-Luc Dubois Artemi Panarin Nathan MacKinnon 37 0 1 4
2 Filip Chytil Cole Caufield Mathew Barzal 30 1 1 3
3 Mikael Granlund Conor Garland Gabriel Landeskog 23 1 2 2
4 David Kampf Eric Robinson Tyler Motte 10 1 3 1
5 vs 5 Defense
Defense Defense Time % Phy DF OF
1 Cam Fowler Dmitry Kulikov 35 1 2 2
2 Adam Larsson Mark Giordano 33 1 2 2
3 Matthew Benning Jake McCabe 32 1 2 2
4 Cam Fowler Adam Larsson 0 1 2 2
PowerPlay Forward
Center Left Wing Right Wing Time % Phy DF OF
1 Pierre-Luc Dubois Nathan MacKinnon Artemi Panarin 50 0 1 4
2 Mikael Granlund Gabriel Landeskog Cole Caufield 50 0 1 4
PowerPlay Defense
Defense Defense Time % Phy DF OF
1 Mathew Barzal Adam Larsson 60 1 1 3
2 Filip Chytil Mark Giordano 40 1 1 3
Penalty Kill 4 Players Forward
Center Wing Time % Phy DF OF
1 David Kampf Tyler Motte 50 1 3 1
2 Mikael Granlund Eric Robinson 50 1 3 1
Penalty Kill 4 Players Defense
Defense Defense Time % Phy DF OF
1 Matthew Benning Dmitry Kulikov 50 1 3 1
2 Adam Larsson Mark Giordano 50 1 3 1
Penalty Kill - 3 Players Forward
Forward Time % Phy DF OF
1 Mikael Granlund 50 1 2 2
2 David Kampf 50 1 2 2
Penalty Kill - 3 Players Defense
Defense Defense Time % Phy DF OF
1 Matthew Benning Dmitry Kulikov 50 1 3 1
2 Adam Larsson Mark Giordano 50 1 3 1
4 vs 4 Forward
Center Wing Time % Phy DF OF
1 Nathan MacKinnon Artemi Panarin 50 0 2 3
2 Pierre-Luc Dubois Cole Caufield 50 0 2 3
4 vs 4 Defense
Defense Defense Time % Phy DF OF
1 Cam Fowler Adam Larsson 50 1 2 2
2 Dmitry Kulikov Mark Giordano 50 1 2 2
Last Minutes Offensive
Center Left Wing Right Wing Defense Defense
Nathan MacKinnon Cole Caufield Pierre-Luc Dubois Cam Fowler Adam Larsson
Last Minutes Defensive
Center Left Wing Right Wing Defense Defense
David Kampf Tyler Motte Mikael Granlund Dmitry Kulikov Adam Larsson
Goaltenders
Starting : Tristan Jarry
Backup : Igor Shesterkin
Extra Forwards
Normal : Nathan MacKinnon, Pierre-Luc Dubois, Gabriel Landeskog - PP : Gabriel Landeskog, Cole Caufield - PK : David Kampf
Extra Defensemen
Normal : Matthew Benning, Jake McCabe, Dmitry Kulikov - PP : Matthew Benning - PK : Jake McCabe, Dmitry Kulikov
Penalty Shots
Artemi Panarin, Cole Caufield, Pierre-Luc Dubois, Mark Giordano, David Kampf
% Time on Ice - Winnipeg Jets
Lines # - Real PCT - Wanted PCT - Time Play
Normal Forward
1 - 29% - 30% - 13:17
2 - 28% - 30% - 12:53
3 - 26% - 25% - 12:04
4 - 17% - 15% - 7:46
Normal Defense
1 - 28% - 30% - 13:00
2 - 34% - 30% - 15:47
3 - 28% - 25% - 12:39
4 - 10% - 15% - 4:34
PP Forward
1 - 54% - 50% - 3:14
2 - 46% - 50% - 2:44
PP Defense
1 - 49% - 50% - 2:56
2 - 51% - 50% - 3:02
PK Forward
1 - 54% - 50% - 4:22
2 - 46% - 50% - 3:40
PK Defense
1 - 55% - 50% - 4:26
2 - 45% - 50% - 3:36
PK3 Forward
1 - 0% - 50%
2 - 0% - 50%
PK3 Defense
1 - 0% - 50%
2 - 0% - 50%
44 Forward
1 - 0% - 50%
2 - 0% - 50%
44 Defense
1 - 0% - 50%
2 - 0% - 50%
Last Minute Offensive - 0:00
Last Minute Defensive - 0:00
Total
Forward - 60:00
Defense - 60:00
|
% Time on Ice - New York Rangers
Lines # - Real PCT - Wanted PCT - Time Play
Normal Forward
1 - 33% - 37% - 15:22
2 - 28% - 30% - 12:42
3 - 20% - 23% - 9:25
4 - 19% - 10% - 8:31
Normal Defense
1 - 35% - 35% - 15:55
2 - 34% - 33% - 15:45
3 - 31% - 32% - 14:20
4 - 0% - 0% - 0:00
PP Forward
1 - 50% - 50% - 3:59
2 - 50% - 50% - 4:03
PP Defense
1 - 61% - 60% - 4:54
2 - 39% - 40% - 3:08
PK Forward
1 - 53% - 50% - 3:08
2 - 47% - 50% - 2:50
PK Defense
1 - 41% - 50% - 2:28
2 - 59% - 50% - 3:30
PK3 Forward
1 - 0% - 50%
2 - 0% - 50%
PK3 Defense
1 - 0% - 50%
2 - 0% - 50%
44 Forward
1 - 0% - 50%
2 - 0% - 50%
44 Defense
1 - 0% - 50%
2 - 0% - 50%
Last Minute Offensive - 0:00
Last Minute Defensive - 0:00
Total
Forward - 60:00
Defense - 60:00
|
Play-by-Play
1st period
0:01 of 1st period - Connor McDavid wins face-off versus Pierre-Luc Dubois in neutral zone.
0:38 of 1st period - Dmitry Kulikov is hit by Nick Suzuki and loses puck.
1:33 of 1st period - Snap shot by Connor McDavid.
1:33 of 1st period - Shot Blocked by Adam Larsson.
1:35 of 1st period - Slapshot by Jordan Harris.
1:35 of 1st period - Shot Blocked by Adam Larsson.
1:37 of 1st period - Slapshot by Jordan Harris.
1:37 of 1st period - Deflect By Nathan MacKinnon.
1:37 of 1st period - Stopped by Tristan Jarry with a rebound.
1:41 of 1st period - Snap shot by Connor McDavid.
1:41 of 1st period - Stopped by Tristan Jarry without a rebound.
1:42 of 1st period - Filip Chytil wins face-off versus Nick Suzuki in New York Rangers zone.
1:53 of 1st period - Snap shot by Mathew Barzal.
1:53 of 1st period - Stopped by Pavel Francouz with a rebound.
1:55 of 1st period - Wrist shot by Cole Caufield.
1:55 of 1st period - Shot Misses the Net.
1:57 of 1st period - Slapshot by Matthew Benning.
1:57 of 1st period - Shot Misses the Net.
2:56 of 1st period - David Kampf is hit by Klim Kostin.
3:12 of 1st period - Cam Fowler is hit by Andrew Cogliano and loses puck.
3:35 of 1st period - Slapshot by Matthew Beniers.
3:35 of 1st period - Shot Misses the Net.
3:37 of 1st period - Wrist shot by Joel Armia.
3:37 of 1st period - Stopped by Tristan Jarry without a rebound.
3:38 of 1st period - Matthew Beniers wins face-off versus Pierre-Luc Dubois in New York Rangers zone.
4:21 of 1st period - Minor Penalty to Mathew Barzal for Hooking.
4:22 of 1st period - Connor McDavid wins face-off versus David Kampf in New York Rangers zone.
6:09 of 1st period - Pierre-Luc Dubois is hit by Andrew Cogliano and loses puck.
6:21 of 1st period - Penalty to Mathew Barzal is over, Mathew Barzal is back on ice.
6:55 of 1st period - Matthew Beniers is hit by Pierre-Luc Dubois and loses puck.
8:09 of 1st period - Adam Larsson is hit by Dylan Samberg and loses puck.
8:37 of 1st period - Icing by Andrew Cogliano.
8:38 of 1st period - Nick Suzuki wins face-off versus Filip Chytil in Winnipeg Jets zone.
8:49 of 1st period - Snap shot by Cole Caufield.
8:49 of 1st period - Stopped by Pavel Francouz with a rebound.
8:51 of 1st period - Snap shot by Cole Caufield.
8:51 of 1st period - Stopped by Pavel Francouz with a rebound.
8:53 of 1st period - Snap shot by Mathew Barzal.
8:53 of 1st period - Shot Blocked by Nathan Beaulieu.
9:27 of 1st period - Wrist shot by Gabriel Landeskog.
9:27 of 1st period - Stopped by Pavel Francouz with a rebound.
9:29 of 1st period - Slapshot by Dmitry Kulikov.
9:29 of 1st period - Stopped by Pavel Francouz with a rebound.
9:31 of 1st period - Wrist shot by Mikael Granlund.
9:31 of 1st period - Shot Misses the Net.
9:33 of 1st period - Slapshot by Cam Fowler.
9:33 of 1st period - Deflect By Gabriel Landeskog.
9:33 of 1st period - Stopped by Pavel Francouz with a rebound.
10:24 of 1st period - Snap shot by Nick Suzuki.
10:24 of 1st period - Goal by Nick Suzuki - Winnipeg Jets : 1 - New York Rangers : 0.
10:25 of 1st period - Connor McDavid wins face-off versus Mikael Granlund in neutral zone.
10:32 of 1st period - Snap shot by Lucas Raymond.
10:32 of 1st period - Goal by Lucas Raymond - Winnipeg Jets : 2 - New York Rangers : 0.
10:33 of 1st period - Connor McDavid wins face-off versus Pierre-Luc Dubois in neutral zone.
10:42 of 1st period - Slapshot by Lucas Raymond.
10:42 of 1st period - Shot Misses the Net.
10:44 of 1st period - Slapshot by Nathan Beaulieu.
10:44 of 1st period - Shot Blocked by Adam Larsson.
11:07 of 1st period - Snap shot by Nick Suzuki.
11:07 of 1st period - Shot Misses the Net.
11:09 of 1st period - Backhand shot by Dylan Samberg.
11:09 of 1st period - Shot Misses the Net.
11:49 of 1st period - Snap shot by Tyler Motte.
11:49 of 1st period - Shot Misses the Net.
12:46 of 1st period - Dmitry Kulikov is hit by Dante Fabbro and loses puck.
13:07 of 1st period - Dmitry Kulikov is hit by Sam Steel.
13:29 of 1st period - Backhand shot by Nathan MacKinnon.
13:29 of 1st period - Stopped by Pavel Francouz without a rebound.
13:30 of 1st period - Pierre-Luc Dubois wins face-off versus Connor McDavid in Winnipeg Jets zone.
13:49 of 1st period - Wrist shot by Pierre-Luc Dubois.
13:49 of 1st period - Shot Misses the Net.
13:55 of 1st period - Artemi Panarin is hit by Dylan Samberg and loses puck.
14:00 of 1st period - Snap shot by Connor McDavid.
14:00 of 1st period - Stopped by Tristan Jarry without a rebound.
14:01 of 1st period - Mikael Granlund wins face-off versus Kaapo Kakko in New York Rangers zone.
14:26 of 1st period - Barclay Goodrow is hit by Mathew Barzal and loses puck.
14:51 of 1st period - Slapshot by Lucas Raymond.
14:51 of 1st period - Shot Blocked by Artemi Panarin.
15:16 of 1st period - Jake McCabe is hit by Andrew Cogliano.
15:30 of 1st period - Backhand shot by Conor Garland.
15:30 of 1st period - Stopped by Pavel Francouz with a rebound.
15:32 of 1st period - Slapshot by Mark Giordano.
15:32 of 1st period - Stopped by Pavel Francouz with a rebound.
15:34 of 1st period - Wrist shot by Mikael Granlund.
15:34 of 1st period - Shot Misses the Net.
15:36 of 1st period - Snap shot by Gabriel Landeskog.
15:36 of 1st period - Shot Misses the Net.
15:40 of 1st period - Snap shot by Mikael Granlund.
15:40 of 1st period - Deflect By Jordan Harris.
15:40 of 1st period - Stopped by Pavel Francouz with a rebound.
16:03 of 1st period - Wrist shot by Sam Steel.
16:03 of 1st period - Stopped by Tristan Jarry with a rebound.
16:41 of 1st period - Nathan Beaulieu is hit by Conor Garland.
18:20 of 1st period - Kaapo Kakko is hit by Cole Caufield.
18:35 of 1st period - Slapshot by Cole Caufield.
18:35 of 1st period - Shot Misses the Net.
18:53 of 1st period - Dmitry Kulikov is hit by Barclay Goodrow and loses puck.
19:02 of 1st period - Cole Caufield is hit by Matthew Beniers.
19:11 of 1st period - Joel Armia is hit by Mathew Barzal and loses puck.
19:43 of 1st period - Matthew Benning is hit by Dante Fabbro and loses puck.
Goals for this period are 2 for Winnipeg Jets vs 0 for New York Rangers.
Shots for this period are 7 for Winnipeg Jets vs 10 for New York Rangers.
2nd period
0:01 of 2nd period - Pierre-Luc Dubois wins face-off versus Alex DeBrincat in neutral zone.
0:16 of 2nd period - Snap shot by Nathan MacKinnon.
0:16 of 2nd period - Stopped by Pavel Francouz with a rebound.
0:32 of 2nd period - Minor Penalty to Calen Addison for Hooking.
0:33 of 2nd period - Pierre-Luc Dubois wins face-off versus Connor McDavid in Winnipeg Jets zone.
0:45 of 2nd period - Wrist shot by Lucas Raymond.
0:45 of 2nd period - Stopped by Tristan Jarry without a rebound.
0:46 of 2nd period - Alex DeBrincat wins face-off versus Mikael Granlund in New York Rangers zone.
1:31 of 2nd period - Nathan Beaulieu is hit by Pierre-Luc Dubois and loses puck.
2:32 of 2nd period - Penalty to Calen Addison is over, Calen Addison is back on ice.
3:01 of 2nd period - Matthew Beniers is hit by Mathew Barzal and loses puck.
3:20 of 2nd period - Mikael Granlund is hit by Nick Suzuki.
4:22 of 2nd period - Snap shot by Kaapo Kakko.
4:22 of 2nd period - Stopped by Tristan Jarry with a rebound.
4:44 of 2nd period - Mark Giordano is hit by Nathan Beaulieu.
4:54 of 2nd period - Adam Larsson is hit by Dante Fabbro and loses puck.
5:11 of 2nd period - Jake McCabe is hit by Dante Fabbro and loses puck.
5:42 of 2nd period - Snap shot by Klim Kostin.
5:42 of 2nd period - Stopped by Tristan Jarry with a rebound.
5:44 of 2nd period - Slapshot by Dylan Samberg.
5:44 of 2nd period - Shot Blocked by Jake McCabe.
6:20 of 2nd period - Wrist shot by Artemi Panarin.
6:20 of 2nd period - Shot Misses the Net.
6:44 of 2nd period - Mathew Barzal is hit by Lucas Raymond and loses puck.
7:17 of 2nd period - Andrew Cogliano is hit by Gabriel Landeskog.
7:43 of 2nd period - Matthew Beniers is hit by Adam Larsson and loses puck.
8:48 of 2nd period - Andrew Cogliano is hit by Eric Robinson and loses puck.
9:12 of 2nd period - Gabriel Landeskog is hit by Klim Kostin and loses puck.
9:38 of 2nd period - Mathew Barzal is hit by Matthew Beniers and loses puck.
9:51 of 2nd period - Dmitry Kulikov is hit by Connor McDavid and loses puck.
10:16 of 2nd period - Wrist shot by Nick Suzuki.
10:16 of 2nd period - Stopped by Tristan Jarry without a rebound.
10:17 of 2nd period - Connor McDavid wins face-off versus Pierre-Luc Dubois in New York Rangers zone.
10:30 of 2nd period - Snap shot by Connor McDavid.
10:30 of 2nd period - Stopped by Tristan Jarry without a rebound.
10:31 of 2nd period - Pierre-Luc Dubois wins face-off versus Nick Suzuki in New York Rangers zone.
11:09 of 2nd period - Wrist shot by Filip Chytil.
11:09 of 2nd period - Stopped by Pavel Francouz without a rebound.
11:10 of 2nd period - Connor McDavid wins face-off versus Pierre-Luc Dubois in Winnipeg Jets zone.
11:33 of 2nd period - Minor Penalty to Dante Fabbro for Roughing.
11:34 of 2nd period - Mikael Granlund wins face-off versus Connor McDavid in Winnipeg Jets zone.
11:48 of 2nd period - Off-side.
11:49 of 2nd period - Alex DeBrincat wins face-off versus Pierre-Luc Dubois in neutral zone.
13:33 of 2nd period - Penalty to Dante Fabbro is over, Dante Fabbro is back on ice.
13:41 of 2nd period - Wrist shot by Eric Robinson.
13:41 of 2nd period - Stopped by Pavel Francouz with a rebound.
14:38 of 2nd period - Icing by Dylan Samberg.
14:39 of 2nd period - Nick Suzuki wins face-off versus Filip Chytil in Winnipeg Jets zone.
15:18 of 2nd period - Slapshot by Calen Addison.
15:18 of 2nd period - Shot Blocked by Cam Fowler.
15:20 of 2nd period - Slapshot by Dylan Samberg.
15:20 of 2nd period - Shot Blocked by Conor Garland.
15:22 of 2nd period - Slapshot by Calen Addison.
15:22 of 2nd period - Stopped by Tristan Jarry with a rebound.
15:40 of 2nd period - Cam Fowler is hit by Connor McDavid and loses puck.
16:14 of 2nd period - Jake McCabe is hit by Klim Kostin and loses puck.
16:19 of 2nd period - Snap shot by Sam Steel.
16:19 of 2nd period - Stopped by Tristan Jarry without a rebound.
16:20 of 2nd period - Nathan MacKinnon wins face-off versus Sam Steel in New York Rangers zone.
16:20 of 2nd period - Nathan MacKinnon is hit by Sam Steel.
16:27 of 2nd period - Off-side.
16:28 of 2nd period - Pierre-Luc Dubois wins face-off versus Connor McDavid in neutral zone.
16:49 of 2nd period - Adam Larsson is hit by Nathan Beaulieu.
16:55 of 2nd period - Backhand shot by Pierre-Luc Dubois.
16:55 of 2nd period - Deflect By Nathan MacKinnon.
16:55 of 2nd period - Stopped by Pavel Francouz with a rebound.
17:17 of 2nd period - Slapshot by Gabriel Landeskog.
17:17 of 2nd period - Shot Misses the Net.
17:19 of 2nd period - Minor Penalty to Calen Addison for Slashing.
17:20 of 2nd period - Mikael Granlund wins face-off versus Connor McDavid in Winnipeg Jets zone.
17:25 of 2nd period - Snap shot by Gabriel Landeskog.
17:25 of 2nd period - Goal by Gabriel Landeskog - Winnipeg Jets : 2 - New York Rangers : 1.
17:26 of 2nd period - Pierre-Luc Dubois wins face-off versus Connor McDavid in neutral zone.
18:00 of 2nd period - Mikael Granlund is hit by Nick Suzuki and loses puck.
18:41 of 2nd period - Wrist shot by Sam Steel.
18:41 of 2nd period - Shot Misses the Net.
18:43 of 2nd period - Snap shot by Pius Suter.
18:43 of 2nd period - Stopped by Tristan Jarry with a rebound.
18:53 of 2nd period - Adam Larsson is hit by Alex DeBrincat and loses puck.
19:13 of 2nd period - Off-side.
19:14 of 2nd period - Andrew Cogliano wins face-off versus Pierre-Luc Dubois in neutral zone.
19:19 of 2nd period - Backhand shot by Kaapo Kakko.
19:19 of 2nd period - Shot Blocked by Pierre-Luc Dubois.
Goals for this period are 0 for Winnipeg Jets vs 1 for New York Rangers.
Shots for this period are 8 for Winnipeg Jets vs 5 for New York Rangers.
3rd period
0:01 of 3rd period - Pierre-Luc Dubois wins face-off versus Alex DeBrincat in neutral zone.
1:41 of 3rd period - Wrist shot by Tyler Motte.
1:41 of 3rd period - Stopped by Pavel Francouz with a rebound.
1:43 of 3rd period - Slapshot by Mark Giordano.
1:43 of 3rd period - Stopped by Pavel Francouz with a rebound.
1:45 of 3rd period - Wrist shot by Tyler Motte.
1:45 of 3rd period - Shot Misses the Net.
1:47 of 3rd period - Snap shot by Mark Giordano.
1:47 of 3rd period - Deflect By David Kampf.
1:47 of 3rd period - Shot Blocked by Matthew Beniers.
1:47 of 3rd period - Puck is out of play.
1:48 of 3rd period - David Kampf wins face-off versus Nick Suzuki in Winnipeg Jets zone.
1:51 of 3rd period - Slapshot by Tyler Motte.
1:51 of 3rd period - Shot Misses the Net.
2:11 of 3rd period - Tyler Motte is hit by Nathan Beaulieu.
2:23 of 3rd period - Wrist shot by Eric Robinson.
2:23 of 3rd period - Stopped by Pavel Francouz with a rebound.
2:29 of 3rd period - Slapshot by Cam Fowler.
2:29 of 3rd period - Stopped by Pavel Francouz with a rebound.
2:31 of 3rd period - Snap shot by Dmitry Kulikov.
2:31 of 3rd period - Shot Misses the Net.
2:33 of 3rd period - Snap shot by Eric Robinson.
2:33 of 3rd period - Stopped by Pavel Francouz without a rebound.
2:34 of 3rd period - Connor McDavid wins face-off versus Pierre-Luc Dubois in Winnipeg Jets zone.
3:05 of 3rd period - Snap shot by Conor Garland.
3:05 of 3rd period - Stopped by Pavel Francouz without a rebound.
3:06 of 3rd period - Mikael Granlund wins face-off versus Nick Suzuki in Winnipeg Jets zone.
3:07 of 3rd period - Snap shot by Gabriel Landeskog.
3:07 of 3rd period - Stopped by Pavel Francouz with a rebound.
3:15 of 3rd period - Wrist shot by Conor Garland.
3:15 of 3rd period - Stopped by Pavel Francouz without a rebound.
3:16 of 3rd period - Pierre-Luc Dubois wins face-off versus Nick Suzuki in Winnipeg Jets zone.
3:39 of 3rd period - Minor Penalty to Nick Suzuki for Tripping.
3:40 of 3rd period - Pierre-Luc Dubois wins face-off versus Connor McDavid in Winnipeg Jets zone.
5:38 of 3rd period - Filip Chytil is hit by Alex DeBrincat and loses puck.
5:39 of 3rd period - Penalty to Nick Suzuki is over, Nick Suzuki is back on ice.
5:43 of 3rd period - Slapshot by Nick Suzuki.
5:43 of 3rd period - Stopped by Tristan Jarry with a rebound.
5:45 of 3rd period - Slapshot by Ty Smith.
5:45 of 3rd period - Shot Blocked by Mark Giordano.
5:47 of 3rd period - Slapshot by Ty Smith.
5:47 of 3rd period - Shot Blocked by Mark Giordano.
5:49 of 3rd period - Wrist shot by Nick Suzuki.
5:49 of 3rd period - Shot Blocked by Mikael Granlund.
5:51 of 3rd period - Slapshot by Dylan Samberg.
5:51 of 3rd period - Shot Misses the Net.
5:53 of 3rd period - Wrist shot by Alex DeBrincat.
5:53 of 3rd period - Stopped by Tristan Jarry with a rebound.
5:55 of 3rd period - Slapshot by Dylan Samberg.
5:55 of 3rd period - Stopped by Tristan Jarry with a rebound.
5:57 of 3rd period - Backhand shot by Alex DeBrincat.
5:57 of 3rd period - Deflect By Nick Suzuki.
5:57 of 3rd period - Deflect By Cole Caufield.
5:57 of 3rd period - Stopped by Tristan Jarry without a rebound.
5:58 of 3rd period - Matthew Beniers wins face-off versus David Kampf in New York Rangers zone.
6:01 of 3rd period - Snap shot by Joel Armia.
6:01 of 3rd period - Shot Blocked by Eric Robinson.
6:03 of 3rd period - Wrist shot by Joel Armia.
6:03 of 3rd period - Stopped by Tristan Jarry with a rebound.
6:05 of 3rd period - Snap shot by Matthew Beniers.
6:05 of 3rd period - Shot Misses the Net.
6:07 of 3rd period - Slapshot by Dylan Samberg.
6:07 of 3rd period - Stopped by Tristan Jarry with a rebound.
6:09 of 3rd period - Snap shot by Matthew Beniers.
6:09 of 3rd period - Goal by Matthew Beniers - Winnipeg Jets : 3 - New York Rangers : 1.
6:10 of 3rd period - Pierre-Luc Dubois wins face-off versus Nick Suzuki in neutral zone.
6:13 of 3rd period - Snap shot by Nathan MacKinnon.
6:13 of 3rd period - Stopped by Pavel Francouz with a rebound.
6:15 of 3rd period - Snap shot by Nathan MacKinnon.
6:15 of 3rd period - Shot Misses the Net.
6:17 of 3rd period - Backhand shot by Cam Fowler.
6:17 of 3rd period - Shot Misses the Net.
6:19 of 3rd period - Wrist shot by Nathan MacKinnon.
6:19 of 3rd period - Shot Misses the Net.
6:21 of 3rd period - Wrist shot by Pierre-Luc Dubois.
6:21 of 3rd period - Stopped by Pavel Francouz without a rebound.
6:22 of 3rd period - Nick Suzuki wins face-off versus Nathan MacKinnon in Winnipeg Jets zone.
6:22 of 3rd period - Nick Suzuki is hit by Pierre-Luc Dubois.
6:28 of 3rd period - Slapshot by Dante Fabbro.
6:28 of 3rd period - Shot Misses the Net.
6:30 of 3rd period - Slapshot by Nathan Beaulieu.
6:30 of 3rd period - Stopped by Tristan Jarry without a rebound.
6:31 of 3rd period - Pierre-Luc Dubois wins face-off versus Nick Suzuki in New York Rangers zone.
7:02 of 3rd period - Snap shot by Kaapo Kakko.
7:02 of 3rd period - Deflect By Nick Suzuki.
7:02 of 3rd period - Shot Misses the Net.
7:02 of 3rd period - Puck is out of play.
7:03 of 3rd period - Filip Chytil wins face-off versus Connor McDavid in New York Rangers zone.
7:39 of 3rd period - Mark Giordano is hit by Joel Armia and loses puck.
7:52 of 3rd period - Wrist shot by Nick Suzuki.
7:52 of 3rd period - Stopped by Tristan Jarry with a rebound.
7:54 of 3rd period - Wrist shot by Nick Suzuki.
7:54 of 3rd period - Shot Blocked by Adam Larsson.
7:56 of 3rd period - Slapshot by Dylan Samberg.
7:56 of 3rd period - Stopped by Tristan Jarry without a rebound.
7:57 of 3rd period - Nick Suzuki wins face-off versus Pierre-Luc Dubois in New York Rangers zone.
8:02 of 3rd period - Snap shot by Kaapo Kakko.
8:02 of 3rd period - Stopped by Tristan Jarry without a rebound.
8:03 of 3rd period - Connor McDavid wins face-off versus Pierre-Luc Dubois in New York Rangers zone.
8:24 of 3rd period - Minor Penalty to Nathan Beaulieu for Holding.
8:25 of 3rd period - Alex DeBrincat wins face-off versus Pierre-Luc Dubois in Winnipeg Jets zone.
8:25 of 3rd period - Alex DeBrincat is hit by Adam Larsson.
8:52 of 3rd period - Mikael Granlund is hit by Nick Suzuki and loses puck.
8:59 of 3rd period - Snap shot by Connor McDavid.
8:59 of 3rd period - Stopped by Tristan Jarry without a rebound.
9:00 of 3rd period - Alex DeBrincat wins face-off versus Mikael Granlund in New York Rangers zone.
9:09 of 3rd period - Snap shot by Lucas Raymond.
9:09 of 3rd period - Shot Misses the Net.
10:24 of 3rd period - Penalty to Nathan Beaulieu is over, Nathan Beaulieu is back on ice.
10:32 of 3rd period - Snap shot by Mikael Granlund.
10:32 of 3rd period - Stopped by Pavel Francouz without a rebound.
10:33 of 3rd period - David Kampf wins face-off versus Matthew Beniers in Winnipeg Jets zone.
12:02 of 3rd period - Wrist shot by Tyler Motte.
12:02 of 3rd period - Stopped by Pavel Francouz without a rebound.
12:03 of 3rd period - Matthew Beniers wins face-off versus Pierre-Luc Dubois in Winnipeg Jets zone.
12:09 of 3rd period - Off-side.
12:10 of 3rd period - Nick Suzuki wins face-off versus Pierre-Luc Dubois in neutral zone.
12:45 of 3rd period - Pierre-Luc Dubois is hit by Connor McDavid and loses puck.
13:43 of 3rd period - Eric Robinson is hit by Nick Suzuki and loses puck.
13:48 of 3rd period - Wrist shot by Nick Suzuki.
13:48 of 3rd period - Shot Misses the Net.
13:50 of 3rd period - Snap shot by Andrew Cogliano.
13:50 of 3rd period - Deflect By Nick Suzuki.
13:50 of 3rd period - Shot Misses the Net.
13:50 of 3rd period - Puck is out of play.
13:51 of 3rd period - Connor McDavid wins face-off versus Filip Chytil in New York Rangers zone.
13:52 of 3rd period - Backhand shot by Alex DeBrincat.
13:52 of 3rd period - Deflect By Lucas Raymond.
13:52 of 3rd period - Stopped by Tristan Jarry without a rebound.
13:53 of 3rd period - Connor McDavid wins face-off versus Filip Chytil in New York Rangers zone.
13:54 of 3rd period - Slapshot by Alex DeBrincat.
13:54 of 3rd period - Stopped by Tristan Jarry without a rebound.
13:55 of 3rd period - Connor McDavid wins face-off versus Filip Chytil in New York Rangers zone.
14:04 of 3rd period - Snap shot by Alex DeBrincat.
14:04 of 3rd period - Shot Blocked by Mathew Barzal.
14:06 of 3rd period - Backhand shot by Alex DeBrincat.
14:06 of 3rd period - Stopped by Tristan Jarry with a rebound.
14:08 of 3rd period - Snap shot by Connor McDavid.
14:08 of 3rd period - Stopped by Tristan Jarry with a rebound.
14:10 of 3rd period - Slapshot by Nathan Beaulieu.
14:10 of 3rd period - Shot Blocked by Dmitry Kulikov.
14:12 of 3rd period - Snap shot by Connor McDavid.
14:12 of 3rd period - Shot Hit the Post.
15:04 of 3rd period - Wrist shot by Cole Caufield.
15:04 of 3rd period - Stopped by Pavel Francouz without a rebound.
15:05 of 3rd period - Connor McDavid wins face-off versus Filip Chytil in Winnipeg Jets zone.
15:05 of 3rd period - Connor McDavid is hit by Jake McCabe.
15:15 of 3rd period - Snap shot by Alex DeBrincat.
15:15 of 3rd period - Deflect By Lucas Raymond.
15:15 of 3rd period - Stopped by Tristan Jarry without a rebound.
15:16 of 3rd period - Matthew Beniers wins face-off versus Mikael Granlund in New York Rangers zone.
15:37 of 3rd period - Double Minor Penalty to Jake McCabe for Roughing.
15:38 of 3rd period - David Kampf wins face-off versus Nick Suzuki in New York Rangers zone.
16:11 of 3rd period - Wrist shot by Lucas Raymond.
16:11 of 3rd period - Shot Blocked by David Kampf.
16:13 of 3rd period - Slapshot by Nathan Beaulieu.
16:13 of 3rd period - Shot Blocked by Matthew Benning.
16:15 of 3rd period - Wrist shot by Lucas Raymond.
16:15 of 3rd period - Shot Misses the Net.
16:17 of 3rd period - Slapshot by Nathan Beaulieu.
16:17 of 3rd period - Shot Blocked by Dmitry Kulikov.
17:56 of 3rd period - Connor McDavid is hit by Eric Robinson and loses puck.
18:48 of 3rd period - Icing by Andrew Cogliano.
18:49 of 3rd period - Mathew Barzal wins face-off versus Nick Suzuki in Winnipeg Jets zone.
19:16 of 3rd period - Tyler Motte is hit by Connor McDavid and loses puck.
19:21 of 3rd period - Slapshot by Connor McDavid.
19:21 of 3rd period - Shot Misses the Net.
19:37 of 3rd period - Penalty to Jake McCabe is over, Jake McCabe is back on ice.
Goals for this period are 1 for Winnipeg Jets vs 0 for New York Rangers.
Shots for this period are 17 for Winnipeg Jets vs 13 for New York Rangers.
Back to the Top